 Dungeon Crawl Stone Soup version 0.32-a0-738-g1a05c61 (webtiles) character file.

Game seed: 12748072299520744367

644 skewfiend the Spear-Bearer (level 7, -1/93 HPs)
             Began as a Minotaur Wanderer on Mar 16, 2024.
             Succumbed to Edmund's poison
             ... on level 4 of the Dungeon.
             The game lasted 00:07:02 (3097 turns).

skewfiend the Spear-Bearer (Minotaur Wanderer)      Turns: 3097, Time: 00:07:03

Health: -1/93      AC: 23    Str: 21    XL:     7   Next: 26%
Magic:  6/6        EV:  2    Int:  7    God:
Gold:   211        SH:  0    Dex: 15    Spells: 6/6 levels left

rFire   + + .        a - +2 spear
rCold   + . .        (no shield)
rNeg    . . .        i - melded +0 scale mail
rPois   +            (helmet currently unavailable)
rElec   +            c - melded +0 cloak
rCorr   +            (gloves currently unavailable)
SInv    .            (boots currently unavailable)
Will    +....        (no amulet)
Stlth   +            w - +6 ring of strength
HPRegen 0.35/turn    r - ring of protection from fire
MPRegen 0.10/turn

%: no passive effects
@: lethally poisoned (-1 -> -18), tree-form, resistant, attractive, enlightened
A: stationary, stasis, torment immunity, boosted hp, (horns 2), (retaliatory
headbutt)
a: no special abilities


You were on level 4 of the Dungeon.
You were a tree.
You visited 1 branch of the dungeon, and saw 4 of its levels.

You collected 211 gold pieces.

Inventory:

Hand Weapons
 a - a +2 spear (weapon)
 b - a +0 quarterstaff
 d - a +0 dagger of venom
Missiles
 h - 2 darts of dispersal (quivered)
 n - 29 stones
Armour
 c - a +0 cloak (melded)
 e - a +0 leather armour
 i - a +0 scale mail (melded)
 t - the +2 robe of the Wild Haggis {Int+3}
   (You found it on level 2 of the Dungeon)

   Int+3:     It affects your intelligence (+3).
Jewellery
 l - a ring of positive energy
 r - a ring of protection from fire (right branch)
 w - a +6 ring of strength (left branch)
 D - an amulet of faith
 E - a +6 ring of strength
Wands
 s - a wand of flame (35)
 u - a wand of paralysis (14)
Scrolls
 f - a scroll of enchant armour {unknown}
 k - a scroll of amnesia {unknown}
 m - a scroll of poison {unknown}
 o - a scroll of summoning {unknown}
 q - 2 scrolls of teleportation {unknown}
 x - a scroll of identify {unknown}
 y - a scroll of enchant weapon {unknown}
 A - a scroll of immolation {unknown}
 C - 2 scrolls of fear {unknown}
Potions
 g - a potion of enlightenment
 j - a potion of attraction
 v - a potion of magic


   Skills:
 + Level 5.9 Fighting
 * Level 9.2 Polearms
 - Level 1.2(5.8) Staves
 - Level 1.2 Armour
 - Level 2.1 Dodging


You had 6 spell levels left.
You didn't know any spells.
Your spell library contained the following spells:

 Spells                   Type           Power      Damage    Failure   Level
 Slow                     Hex            0%         N/A       43%         1
 Confusing Touch          Hex            0%         N/A       80%         3
 Inner Flame              Hex/Fire       0%         N/A       80%         3
 Vampiric Draining        Necr           0%         2d6       80%         3
 Flame Wave               Conj/Fire      0%         2d4       99%         4
 Sticky Flame             Fire/Alch      0%         2d4       99%         4


Dungeon Overview and Level Annotations

Branches:
Dungeon (4/15)
 Temple: D:4-7

Altars:

Annotations:
D:4 Edmund


Innate Abilities, Weirdness & Mutations

You are a tree.
Your roots penetrate the ground, keeping you stationary.
You cannot be teleported.
You are immune to unholy pain and torment.
Your maximum health is greatly increased.
Your equipment is partially melded.
((You have a pair of horns on your head.))
((You reflexively headbutt those who attack you in melee.))


Message History

Edmund hits you but does no damage.
You hit Edmund but do no damage.
Edmund is moderately wounded.
You feel very sick. Edmund hits you but does no damage.
You are more poisoned.
You hit Edmund.
Edmund is moderately wounded.
You feel very sick.
You hit Edmund but do no damage.
Edmund is moderately wounded.
You feel very sick. Edmund hits you but does no damage.
You hit Edmund.
Edmund is moderately wounded.
You feel very sick.
You hit Edmund.
Edmund is heavily wounded.
You feel sick.
Edmund hits you with a +0 dire flail of venom!
* * * LOW HITPOINT WARNING * * *
You hit Edmund but do no damage.
Edmund is heavily wounded.
* * * LOW HITPOINT WARNING * * *
You feel very sick.
Edmund hits you with a +0 dire flail of venom.
* * * LOW HITPOINT WARNING * * *
It was a potion of resistance.
You feel protected.
* * * LOW HITPOINT WARNING * * *
You feel very sick. Edmund hits you but does no damage.
You are more poisoned.
You hit Edmund.
Edmund is heavily wounded.
* * * LOW HITPOINT WARNING * * *
You feel very sick.
You hit Edmund but do no damage.
Edmund is heavily wounded.
You die...

#......# #......#
#####......#
#...#......#
#...#......##
#...#........
#...#@.....##.......##
###...#♣.....##.........
#............##.......##
##....##...####.......#.
##....###..###.........
#....# #...##.......##
###....####...........##
#.......##............##
#.............####......
#...........#.# ##.....


You could see Edmund.

Vanquished Creatures
  Pikel (D:4)
  2 lemures
  An orc priest (D:4)
  A sleepcap (D:4)
  An iguana (D:4)
  An orc wizard (D:4)
  Robin (D:2)
  An adder (D:2)
  A ribbon worm (D:2)
  4 dart slugs
  4 orcs (D:4)
  9 ball pythons
  9 bats
  3 endoplasms
  4 giant cockroaches
  9 goblins
  10 hobgoblins
  3 quokkas
  4 frilled lizards
  4 kobolds
  4 rats
77 creatures vanquished.

Notes
Turn   | Place    | Note
-------+----------+-------------------------------------------
     0 | D:1      | skewfiend the Minotaur Wanderer began the quest for the
                  | Orb.
     0 | D:1      | skewfiend set off with the following items: a +2 spear, a
                  | +0 quarterstaff, a +0 cloak, a potion of curing, a +0
                  | leather armour.
     0 | D:1      | Reached XP level 1. HP: 18/18 MP: 0/0
   134 | D:1      | Reached skill level 5 in Polearms
   239 | D:1      | Reached XP level 2. HP: 25/25 MP: 1/1
   950 | D:2      | Reached XP level 3. HP: 28/31 MP: 2/2
   987 | D:2      | Identified the +2 robe of the Wild Haggis {Int+3}
  1185 | D:2      | Noticed Robin
  1196 | D:2      | Reached skill level 6 in Polearms
  1230 | D:2      | Killed Robin
  1231 | D:2      | Reached XP level 4. HP: 34/39 MP: 3/3
  2476 | D:4      | Noticed Pikel
  2476 | D:4      | Noticed a lemure
  2476 | D:4      | Noticed a lemure
  2476 | D:4      | Noticed a lemure
  2476 | D:4      | Noticed a lemure
  2506 | D:3      | Killed a lemure
  2685 | D:4      | Killed a lemure
  2717 | D:4      | Killed Pikel
  2718 | D:4      | Reached skill level 5 in Fighting
  2718 | D:4      | Reached skill level 8 in Polearms
  2718 | D:4      | Reached XP level 5. HP: 36/50 MP: 4/4
  2718 | D:4      | Reached XP level 6. HP: 42/57 MP: 5/5
  2718 | D:4      | Reached XP level 7. HP: 45/62 MP: 6/6
  2840 | D:4      | Reached skill level 9 in Polearms
  3074 | D:4      | Noticed Edmund
  3095 | D:4      | HP: 4/93 [poisoned by Edmund]
  3096 | D:4      | HP: 1/93 [poisoned by Edmund]
  3097 | D:4      | Succumbed to Edmund's poison

Illustrated notes

Levels and vault maps discovered:
D:1:      erik_arrival_triangle_huge, layout_loops_ring
D:2:      layout_basic, uniq_robin
D:3:      layout_loops_ring, serial_rivers, chequers_serial_rivers_marsh,
          chequers_serial_rivers_micro_d, chequers_serial_rivers_marsh,
          chequers_serial_rivers_room_a, chequers_serial_rivers_small_3,
          chequers_serial_rivers_large_a, kennysheep_small_spiral,
          minmay_misc_feat_encased
D:4:      kennysheep_goblin_castle, layout_rooms, kennysheep_mini, uniq_edmund,
          uniq_pikel

Skill      XL: |  1  2  3  4  5  6  7 |
---------------+----------------------+-----
Polearms       | 5 6 8 9 |  9.2
Fighting       | 3 5 |  5.9
Staves         | |  1.2
Armour         | |  1.2
Dodging        | |  2.1

Action                     |  1- 3 |  4- 6 |  7- 9 || total
---------------------------+-------+-------+-------++-------
  Melee: Spear             |   102 |   100 |    47 ||   249
         Headbutt          |     9 |    11 |     4 ||    24
  Throw: Stone             |       |     5 |       ||     5
  Evoke: Wand              |       |       |     2 ||     2
    Use: Potion            |     1 |       |     6 ||     7
 Armour: Leather armour    |     6 |       |       ||     6
         Scale mail        |    35 |    36 |    13 ||    84
         Skin              |       |       |     8 ||     8
  Dodge: Dodged            |    21 |    28 |     9 ||    58

Table legend: (Time is in decaauts)
 A = Elapsed time spent in this place.
 B = Non-inter-level travel time spent in this place.
 C = Inter-level travel time spent in this place.
 D = Time resting spent in this place.
 E = Time spent auto-exploring this place.
 F = Levels seen in this place.
 G = Mean time per level.
                   A        B        C        D        E       F      G
               +--------+--------+--------+--------+--------+-----+--------+
         Total |   3060 |   2937 |    123 |     44 |   2411 |   4 |  765.0 |
       Dungeon |   3060 |   2937 |    123 |     44 |   2411 |   4 |  765.0 |
               +--------+--------+--------+--------+--------+-----+--------+

Top non-repeatable levels by time:
     D:3: 879 daAuts
     D:2: 803 daAuts
     D:1: 792 daAuts
     D:4: 585 daAuts
